 Dungeon Crawl Stone Soup version 0.21.1-68-g103a7afc0a (webtiles) character file.

762870 Peloso the Minotaur Barricade (level 27, -1/245 HPs)
             Began as a Minotaur Fighter on Aug 1, 2018.
             Was the Champion of Okawaru.
             Slain by a starcursed mass (2 damage)
             ... while paralysed by accursed screaming
             ... on level 3 of the Abyss on Aug 2, 2018.
             The game lasted 05:44:16 (86828 turns).

Peloso the Minotaur Barricade (Minotaur Fighter)   Turns: 86828, Time: 05:44:17

Health: -1/245     AC: 53    Str: 34    XL:     27
Magic:  24/27      EV: -1    Int: -1 (5) God:    Okawaru [******]
Gold:   7543       SH:  0    Dex: 23    Spells: 26/26 levels left

rFire    + + .     SeeInvis .   b - +8 autumn katana {slice, Clar}
rCold    + . .     Gourm    .   r - +1 large shield {rF+}
rNeg     + . .     Faith    .   u - +12 gold dragon scales
rPois    +         Spirit   .   g - +2 hat {MR+}
rElec    +         Reflect  .   X - +2 cloak {MR+}
rCorr    +         Harm     .   L - +1 pair of gloves of Gluttony {rElec rPois rN+ Dex+3}
MR       ++++.     Clarity  +   M - +2 pair of boots {Fly}
Stlth    ..........             D - amulet "Tabreni" {Regen+ Str+4}
HPRegen  0.90/turn              x - ring of resist corrosion
MPRegen  0.20/turn              m - +6 ring of dexterity

@: paralysed, flying, slowed, lost intelligence, constricted
A: retaliatory headbutt, hooves 1, horns 2, berserk 1[+2], [blurry vision 3],
[frail 2], [low mp 2], robust 1, shaggy fur 1, electricity resistance
}: 4/15 runes: barnacled, slimy, silver, gossamer
a: Heroism, Finesse, Renounce Religion, Stop Flying


You were on level 3 of the Abyss.
You worshipped Okawaru.
Okawaru was exalted by your worship.
You were not hungry.

You visited 13 branches of the dungeon, and saw 59 of its levels.
You visited the Abyss 2 times.
You visited 1 bazaar.
You also visited: Ice Cave and Volcano.

You collected 10125 gold pieces.
You spent 2582 gold pieces at shops.

Inventory:

Hand Weapons
 b - the +8 autumn katana (weapon) {slice, Clar}
   (You acquired it on level 15 of the Dungeon)

   It inflicts extra damage upon your enemies.
   It protects you against confusion.
 c - the +12 scimitar "Omual" {slice, rN++ Str+6 Int-5}
   (You found it on level 5 of the Pits of Slime)

   It inflicts extra damage upon your enemies.
   It affects your strength (+6).
   It affects your intelligence (-5).
   It greatly protects you from negative energy.
 k - the +9 long sword of Gloom {venom, rElec MP+9 Int+4}
   (You took it off a vault warden on level 5 of the Vaults)

   It poisons the flesh of those it strikes.
   It affects your intelligence (+4).
   It insulates you from electricity.
   It affects your magic capacity (+9).
 F - a +4 double sword of slicing
Armour
 a - a +0 hat of see invisible
 g - a +2 hat of magic resistance (worn)
 r - a +1 large shield of fire resistance (worn)
 u - +12 gold dragon scales (worn)
 z - the +0 pair of boots of Tehu Gojui {+Inv rElec rPois rCorr}
   (You acquired it on level 1 of the Lair of Beasts)

   It insulates you from electricity.
   It protects you from poison.
   It lets you turn invisible.
   It protects you from acid and corrosion.
 I - the +2 pair of boots of the Assassin {Detection Stab+ Stlth++}
   (Okawaru gifted it to you on level 3 of the Realm of Zot)

   It makes you much more stealthy.
 L - the +1 pair of gloves of Gluttony (worn) {rElec rPois rN+ Dex+3}
   (You found it on level 3 of the Vaults)

   It affects your dexterity (+3).
   It insulates you from electricity.
   It protects you from poison.
   It protects you from negative energy.
 M - a +2 pair of boots of flying (worn)
 X - a +2 cloak of magic resistance (worn)
Jewellery
 m - a +6 ring of dexterity (right hand)
 p - a +6 ring of strength
 q - an uncursed ring of protection from magic
 x - a ring of resist corrosion (left hand)
 A - an uncursed amulet of the gourmand
 D - the amulet "Tabreni" (around neck) {Regen+ Str+4}
   (You took it off a frost giant in an ice cave)

   [amulet of regeneration]

   It affects your strength (+4).
   It increases your rate of regeneration.
Wands
 B - a wand of digging (18)
 K - a wand of flame (23)
Scrolls
 i - 2 scrolls of blinking
 l - 6 scrolls of magic mapping
 n - 15 scrolls of remove curse
 o - 7 scrolls of noise
 s - 18 scrolls of teleportation
 t - 6 scrolls of fog
 w - 15 scrolls of identify
 J - a scroll of silence
 R - 2 scrolls of summoning
 S - 7 scrolls of fear
Potions
 d - 6 potions of resistance
 e - a potion of brilliance
 h - 29 potions of curing
 j - 15 potions of might
 v - 2 potions of flight
 C - 4 potions of heal wounds
 E - 4 potions of invisibility
 P - 2 potions of mutation
 Q - 4 potions of agility
 V - 4 potions of haste
Comestibles
 f - 60 rations
 G - 2 chunks of flesh


   Skills:
 O Level 27 Fighting
 O Level 27 Long Blades
 O Level 27 Armour
 + Level 7.5 Dodging
 + Level 4.4 Stealth
 O Level 27 Shields
 + Level 17.3 Invocations
 + Level 16.4 Evocations


You had 26 spell levels left.
You didn't know any spells.

Dungeon Overview and Level Annotations

Branches:
Dungeon (15/15)            Temple (1/1) D:5            Lair (6/6) D:10
 Shoals (4/4) Lair:4       Spider (4/4) Lair:4        Slime (5/5) Lair:6
    Orc (2/2) D:12            Elf (3/3) Orc:2        Vaults (5/5) D:14
  Crypt (3/3) Vaults:2       Tomb (0/3) Crypt:3      Depths (5/5) D:15
   Hell (1/1)                 Dis (0/7) Hell            Geh (0/7) Hell
    Coc (0/7) Hell            Tar (0/7) Hell            Zot (5/5) Depths:5

Altars:
Ashenzari
Cheibriados
Dithmenos
Elyvilon
Fedhas
Gozag
Hepliaklqana
Kikubaaqudgha
Makhleb
Nemelex Xobeh
Okawaru
Qazlal
Ru
Sif Muna
Trog
Uskayaw
Vehumet
Wu Jian
Xom
Yredelemnul
Zin
The Shining One
Beogh
Jiyva

Shops:
D:8 ?   D:12 ?   D:15 [:*[   Orc:1 =   Orc:2 *(%}   Elf:1 [   Elf:2 *
Vaults:2 *(   Depths:1 :

Portals:
Hell: Depths:1 Depths:2 Depths:3 Depths:4 Depths:5
Abyss: Depths:1 Depths:4 Depths:5
Pandemonium: Orc:2 Depths:3 Depths:4
Ziggurat: Depths:5

Annotations:
Spider:4 1 exclusion


Innate Abilities, Weirdness & Mutations

You reflexively headbutt those who attack you in melee.
You have a pair of horns on your head.
You have large cloven feet.
You are robust. (+10% HP)
You are covered in fur. (AC +1)
You are resistant to electric shocks. (rElec)
[You have an uncontrollable temper.]
[Scrolls take you much longer to read.]
[You are very frail. (-20% HP)]
[Your magical capacity is very low. (-20% MP)]


Message History

The starcursed mass engulfs you but does no damage.
A starspawn tentacle comes into view.
You slash the large abomination! You headbutt the large abomination!!
The large abomination is almost destroyed.
A cacophony of accursed wailing tears at your sanity!
* * * LOW HITPOINT WARNING * * *
You suddenly lose the ability to move!
A starcursed mass splits.
The wretched star pulses with an eldritch light!
Your vision blurs.
The large abomination hits you!
* * * LOW HITPOINT WARNING * * *
The tentacled starspawn bites you but does no damage.
The tentacled starspawn engulfs you!
* * * LOW HITPOINT WARNING * * *
The starspawn tentacle grabs you.
* * * LOW HITPOINT WARNING * * *
The starspawn tentacle constricts you.
The starcursed mass engulfs you but does no damage.
The starcursed mass engulfs you.
You die... ..##.. . ##..... .# # .#..?..# .## + .......#..# #.. ...X.#..# #..##.
XXXX.#

#.....##XXX#
....N*X@X#
###..wXwX#
###XX###
#...### #...
#.... .#..#
. .# . .


You could see 12 starcursed masses, a tentacled starspawn, a wretched star, a
large abomination, a naga and 2 starspawn tentacles.

Vanquished Creatures
  Dissolution (Slime:4)
  the Royal Jelly (Slime:5)
  8 ancient liches
  7 orbs of fire
  3 juggernauts
  Sojobo (Crypt:3)
  Saint Roka (Crypt:3)
  Frederick (Crypt:3)
  A shard shrike (Zot:4)
  4 Killer Klowns (Zot:5)
  Xtahua (Depths:4)
  12 golden dragons
  Geryon (Hell)
  3 curse toes
  A caustic shrike (Depths:2)
  Nikola (Lair:4)
  A profane servitor (Abyss:1)
  2 bone dragons (Crypt:3)
  Jory (Depths:4)
  4 electric golems
  A hellephant (Abyss:1)
  Jorgrun (Crypt:3)
  3 liches
  14 tentacled monstrosities
  Rupert (Orc:2)
  4 titans
  2 deep elf blademasters (Elf:3)
  25 Orb Guardians (Zot:5)
  2 deep elf master archers (Elf:3)
  3 quicksilver dragons
  5 death cobs
  A kraken (Shoals:4)
  Agnes (D:14)
  Gastronok (D:12)
  6 tentacled starspawn
  21 acid blobs
  14 shadow dragons
  3 sphinxes
  Kirke (Spider:2)
  6 ancient champions
  Roxanne (Spider:2)
  Ilsuiw (Shoals:4)
  10 draconian monks
  18 azure jellies
  18 storm dragons
  9 fire giants
  2 revenants
  8 tengu reavers
  12 frost giants
  2 iron dragons
  11 deep elf sorcerers
  6 draconian knights
  2 draconian scorchers
  12 vault wardens
  5 ghost moths
  Louise (Spider:1)
  2 balrugs
  5 emperor scorpions
  A cacodemon (Hell)
  4 curse skulls
  5 deep elf elementalists
  5 reapers
  A juggernaut zombie (Crypt:1)
  3 draconian annihilators
  2 draconian shifters
  18 ironheart preservers
  2 caustic shrike skeletons (Crypt:3)
  6 entropy weavers
  36 very ugly things
  4 ghouls
  2 war gargoyles
  6 vampire knights
  10 green draconians
  13 deep elf demonologists
  22 stone giants
  6 draconian stormcallers
  13 black draconians
  6 deep elf annihilators
  2 lorocyprocas
  3 red draconians
  10 small abominations
  12 white draconians
  11 yellow draconians
  A dire elephant (D:15)
  8 spark wasps
  8 purple draconians
  15 ettins
  7 merfolk javelineers (Shoals:4)
  14 deep elf death magi
  6 eidola
  2 green deaths
  A blizzard demon (Hell)
  3 jiangshi (Crypt:3)
  Snorg (Orc:2)
  8 death oozes
  8 merfolk impalers
  19 ogre magi
  11 deep elf high priests
  12 fire dragons
  A quicksilver dragon skeleton (Crypt:3)
  12 great orbs of eyes
  14 yaktaur captains
  Erolcha (D:9)
  5 rakshasas
  A hell beast (Depths:3)
  6 hydras
  4 spriggan air magi
  A naga warrior (Abyss:1)
  37 vault guards
  3 catoblepae (Lair:6)
  11 ice dragons
  8 centaur warriors
  2 merfolk avatars (Shoals:3)
  3 death knights
  36 dancing weapons
  Erica (D:9)
  16 deep troll shamans
  68 two-headed ogres
  5 tengu warriors
  9 deep troll earth magi
  3 hell hogs (Hell)
  4 vampire magi
  6 death yaks (Lair:6)
  16 hell knights
  5 orc high priests (Orc:2)
  8 satyrs
  2 spriggan berserkers
  2 storm dragon zombies
  6 sun demons
  6 thrashing horrors
  16 large abominations
  Urug (D:14)
  9 shadow wraiths
  An iron golem (Hell)
  5 wretched stars
  34 deep elf knights
  5 soul eaters
  23 skeletal warriors
  A storm dragon skeleton (Depths:3)
  11 iron trolls
  3 sixfirhies
  A spatial maelstrom (Abyss:1)
  3 unseen horrors
  An anaconda zombie (Hell)
  7 titan skeletons (Crypt:3)
  44 deep trolls
  8 sea snakes
  6 flayed ghosts
  2 gelid demonspawn
  A deep troll (shapeshifter) (Vaults:5)
  2 torturous demonspawn (Orc:2)
  An obsidian statue (Vaults:1)
  42 starcursed masses
  2 shadow demons (Depths:1)
  4 glowing orange brains
  An orange crystal statue (Zot:5)
  A shadow dragon zombie (Depths:1)
  3 wizards
  22 orb spiders
  16 phantasmal warriors
  13 necromancers
  4 ironbrand convokers
  35 deep elf archers
  2 golden dragon skeletons (Crypt:3)
  An anaconda skeleton (Crypt:2)
  15 harpies
  17 orc knights
  2 tengu skeletons
  30 wolf spiders
  36 ugly things
  2 wolf spider zombies
  5 shining eyes
  An orb spider (shapeshifter) (Elf:1)
  2 iron dragon zombies
  13 cyclopes
  6 oklob plants
  2 fire giant zombies (Vaults:3)
  2 salamanders (shapeshifter)
  20 fauns
  A stone giant skeleton (Vaults:3)
  88 deep elf magi
  A shadow dragon skeleton (Vaults:5)
  9 orc sorcerers
  9 manticores
  A frost giant zombie (Hell)
  A salamander (D:15)
  A fire giant skeleton (Crypt:3)
  9 merfolk sirens
  18 moths of wrath
  3 worldbinders
  12 elephants
  An ice statue (IceCv)
  5 rust devils
  5 centaur zombies
  13 vault sentinels
  5 frost giant skeletons
  A guardian serpent (Abyss:3)
  2 smoke demons
  5 water nymphs
  2 molten gargoyles
  A black mamba (Lair:5)
  An elf zombie (Vaults:5)
  2 gargoyles
  7 orange demons
  9 spiny frogs
  2 storm dragon simulacra
  3 apocalypse crabs
  2 dire elephant skeletons (Crypt:3)
  4 kobold demonologists
  51 yaktaurs
  A white draconian zombie (Crypt:2)
  A spark wasp simulacrum (Depths:3)
  4 rime drakes
  4 red devils
  3 efreet
  2 yaktaur zombies (Vaults:5)
  8 komodo dragons
  2 ice devils (Orc:2)
  A white draconian skeleton (Crypt:3)
  A hellwing (Depths:3)
  2 ancient zymes
  A yellow draconian skeleton (Crypt:3)
  18 demonic crawlers
  6 freezing wraiths
  5 tengu conjurers
  2 hydra zombies
  The ghost of Orcmeat the Zephyrmancer, a novice TeAE (D:4)
  43 jumping spiders
  33 merfolk
  2 wind drakes (Shoals:4)
  A meliai (shapeshifter) (Vaults:2)
  Prince Ribbit (D:7)
  21 blink frogs
  2 shadow dragon simulacra
  3 ice dragon zombies
  19 hornets
  9 raiju
  11 trolls
  2 harpy skeletons (Crypt:3)
  18 polar bears
  14 dream sheep
  87 slime creatures
  8 hippogriffs
  8 snapping turtles
  A hippogriff (shapeshifter) (Elf:1)
  A dream sheep (shapeshifter) (Depths:3)
  An alligator zombie (Hell)
  A fire giant simulacrum (Abyss:1)
  A hydra skeleton (Crypt:2)
  15 air elementals
  89 redbacks
  An ettin zombie (Depths:1)
  11 flying skulls
  A centaur simulacrum (D:13)
  An ice dragon skeleton (Crypt:1)
  4 spriggans
  3 ettin skeletons
  9 wraiths
  2 vampires
  5 water elementals
  31 tarantellas
  70 yaks
  A wind drake zombie (Crypt:3)
  3 fire dragon skeletons
  A shadow (D:14)
  7 hogs (Spider:2)
  2 alligator skeletons (Crypt:3)
  A ynoxinul (Abyss:1)
  3 spriggans (shapeshifter)
  4 wyverns
  6 basilisks
  7 fire elementals
  A basilisk (shapeshifter) (Vaults:1)
  5 neqoxecs
  4 chaos spawn
  An elf skeleton (Depths:4)
  A steam dragon (D:10)
  3 hungry ghosts
  The ghost of NoAnimeNoLife the Charlatan, an amateur DsAr (D:3)
  4 wargs
  A water nymph zombie (Crypt:2)
  An acid dragon (Vaults:2)
  Edmund (D:5)
  Menkaure (D:7)
  14 water moccasins
  A hell hound (Abyss:2)
  3 spiny frog zombies (Hell)
  Duvessa (D:5)
  8 porcupines
  A two-headed ogre skeleton (Crypt:2)
  An infernal demonspawn skeleton (Crypt:1)
  A water nymph skeleton (Crypt:2)
  5 spiny frog skeletons
  7 eyes of draining
  4 ice beasts
  2 black bears
  2 phantoms
  2 snapping turtle zombies (Hell)
  A necrophage (Crypt:1)
  39 orc warriors
  An eye of draining (shapeshifter) (Vaults:5)
  4 sky beasts
  56 ogres
  36 wolves
  9 boggarts
  A fire dragon simulacrum (Depths:1)
  17 crocodiles
  A tengu (shapeshifter) (Vaults:3)
  19 centaurs
  A swamp dragon skeleton (Crypt:3)
  2 snapping turtle skeletons
  An elf simulacrum (Depths:4)
  Blork the orc (D:5)
  12 bullfrogs
  5 big kobolds
  2 earth elementals
  A wyvern zombie (D:15)
  2 gnoll sergeants
  An ogre simulacrum (Vaults:1)
  Dowan (D:5)
  6 scorpions
  A water moccasin skeleton (D:5)
  A wyvern skeleton (D:10)
  15 killer bees
  A shapeshifter zombie (Crypt:1)
  An orc simulacrum (Vaults:1)
  31 wights
  5 electric eels
  6 howler monkeys
  6 bullfrog zombies
  15 crimson imps
  A quasit (Abyss:1)
  16 hounds
  6 jellies
  3 centaur skeletons
  23 orc priests
  17 orc wizards
  5 iron imps
  2 bullfrog skeletons
  A human skeleton (Hell)
  Natasha (D:4)
  3 iguanas
  A black bear skeleton (Crypt:3)
  A porcupine skeleton (Crypt:3)
  20 worker ants
  A dwarf zombie (Crypt:1)
  A felid zombie (Crypt:1)
  A tengu zombie (Crypt:2)
  A deep dwarf skeleton (Crypt:1)
  An acid dragon skeleton (Crypt:3)
  A mummy (D:13)
  A hound zombie (D:11)
  A worker ant zombie (D:11)
  13 gnolls
  10 adders
  A tengu simulacrum (Crypt:2)
  3 shadow imps
  6 white imps
  5 ufetubi
  3 oozes
  An adder zombie (D:5)
  An iguana zombie (Crypt:2)
  6 worms
  A barachi skeleton (Crypt:1)
  2 dart slugs
  9 leopard geckos
  117 orcs
  10 giant cockroaches
  6 hobgoblins
  10 jackals
  4 quokkas
  A river rat zombie (Crypt:1)
  6 bats
  5 frilled lizards
  A giant cockroach zombie (D:5)
  3 goblins
  2 goblin skeletons
  A hobgoblin zombie (Crypt:3)
  2 jackal skeletons
  A jackal zombie (D:7)
  34 kobolds
  A leopard gecko skeleton (Crypt:2)
  2 quokka skeletons
  A rat (shapeshifter) (Vaults:5)
  9 rats
  3 crawling corpses (Vaults:5)
  2 fungi (Lair:1)
  15 plants
  A starspawn tentacle (Abyss:2)
  5 tentacles (Shoals:4)
  A withered plant (D:13)
3097 creatures vanquished.

Vanquished Creatures (collateral kills)
  A phantasmal warrior (Vaults:5)
1 creature vanquished.

Vanquished Creatures (others)
  A spriggan air mage (Depths:5)
  A spriggan berserker (Depths:5)
  2 necromancers
  A polar bear (IceCv)
  A fire elemental (Hell)
  A yak (IceCv)
  2 wolves (IceCv)
  A small abomination (Abyss:1)
  4 fungi
  2 lurking horrors (Abyss:1)
  39 plants
  18 starspawn tentacles
  4 tentacles (Shoals:4)
77 creatures vanquished.

Grand Total: 3175 creatures vanquished

Notes
Turn   | Place    | Note
-------+----------+-------------------------------------------
     0 | D:1      | Peloso the Minotaur Fighter began the quest for the Orb.
     0 | D:1      | Reached XP level 1. HP: 19/19 MP: 0/0
   214 | D:1      | Reached XP level 2. HP: 24/27 MP: 1/1
   931 | D:2      | Reached XP level 3. HP: 33/33 MP: 2/2
  1136 | D:2      | Noticed a bullfrog
  1147 | D:2      | Killed a bullfrog
  1147 | D:2      | Reached XP level 4. HP: 33/40 MP: 3/3
  1357 | D:3      | Noticed NoAnimeNoLife's ghost (amateur DsAr)
  1369 | D:3      | Killed NoAnimeNoLife's ghost
  1369 | D:3      | Reached skill level 5 in Armour
  1369 | D:3      | Reached skill level 1 in Dodging
  1369 | D:3      | Reached skill level 5 in Shields
  1369 | D:3      | Reached XP level 5. HP: 37/46 MP: 4/4
  1394 | D:3      | Reached XP level 6. HP: 45/52 MP: 5/5
  1408 | D:3      | Noticed a sky beast
  1421 | D:3      | Killed a sky beast
  1421 | D:3      | Reached skill level 5 in Long Blades
  1935 | D:4      | Found a shattered altar of Ashenzari.
  2080 | D:4      | Noticed Orcmeat's ghost (novice TeAE)
  2173 | D:4      | Killed Orcmeat's ghost
  2173 | D:4      | Reached XP level 7. HP: 32/60 MP: 6/6
  2451 | D:4      | Found a white marble altar of Elyvilon.
  2452 | D:4      | Found a sparkling altar of Nemelex Xobeh.
  2475 | D:4      | Found a hazy altar of Hepliaklqana.
  2475 | D:4      | Found an opulent altar of Gozag.
  2475 | D:4      | Noticed Natasha
  2477 | D:4      | Found a radiant altar of Vehumet.
  2478 | D:4      | Found a basalt altar of Yredelemnul.
  2484 | D:4      | Killed Natasha
  2621 | D:5      | Entered Level 5 of the Dungeon
  2621 | D:5      | Noticed Edmund
  2630 | D:5      | Reached skill level 5 in Fighting
  2634 | D:5      | Killed Edmund
  2645 | D:5      | Found a shimmering altar of Xom.
  2676 | D:5      | Noticed Blork the orc
  2683 | D:5      | Killed Blork the orc
  2782 | D:5      | Reached XP level 8. HP: 68/68 MP: 7/7
  2869 | D:5      | Noticed Duvessa
  2883 | D:5      | Noticed Dowan
  2893 | D:5      | Killed Duvessa
  2904 | D:5      | Killed Dowan
  3117 | D:5      | Found a staircase to the Ecumenical Temple.
  3123 | Temple   | Entered the Ecumenical Temple
  3172 | Temple   | Became a worshipper of Warmaster Okawaru
  3398 | D:6      | Noticed a two-headed ogre
  3634 | D:4      | Found a burning altar of Makhleb.
  3915 | D:6      | Reached XP level 9. HP: 72/77 MP: 8/8
  3978 | D:6      | Reached * piety under Okawaru
  4201 | D:6      | Killed a two-headed ogre
  4201 | D:6      | Reached skill level 10 in Long Blades
  4340 | D:7      | Reached skill level 1 in Evocations
  4383 | D:7      | Noticed Prince Ribbit
  4411 | D:7      | Killed Prince Ribbit
  4433 | D:7      | Reached ** piety under Okawaru
  4438 | D:7      | Noticed Menkaure
  4449 | D:7      | Killed Menkaure
  5085 | D:8      | Reached XP level 10. HP: 86/86 MP: 9/9
  5743 | D:8      | Found Zioss's Magic Scroll Shop.
  5746 | D:8      | Bought a scroll of remove curse for 42 gold pieces
  5994 | D:8      | Reached *** piety under Okawaru
  6143 | D:9      | Noticed Erica
  6176 | D:9      | Killed Erica
  6308 | D:9      | Noticed a two-headed ogre
  6320 | D:9      | Killed a two-headed ogre
  6320 | D:9      | Reached skill level 10 in Shields
  6332 | D:9      | Noticed Erolcha
  6339 | D:9      | Reached **** piety under Okawaru
  6349 | D:9      | Killed Erolcha
  6349 | D:9      | Reached XP level 11. HP: 93/95 MP: 10/10
  6444 | D:9      | You fall through a shaft for 2 floors!
  6516 | D:11     | Killed an unseen horror
  6516 | D:11     | Reached ***** piety under Okawaru
  6612 | D:10     | Entered Level 10 of the Dungeon
  6629 | D:10     | Noticed a two-headed ogre
  6637 | D:10     | Killed a two-headed ogre
  6676 | D:10     | Found a staircase to the Lair.
  6738 | D:10     | Reached skill level 10 in Armour
  7221 | D:10     | Received a gift from Okawaru
  7390 | D:10     | Got a dazzling demon whip {god gift}
  7869 | D:11     | Noticed a five-headed hydra
  7899 | D:11     | Killed a one-headed hydra
  8475 | Lair:1   | Entered Level 1 of the Lair of Beasts
  8716 | Lair:1   | Reached XP level 12. HP: 92/106 MP: 11/11
  9017 | Lair:1   | Reached ****** piety under Okawaru
  9026 | Lair:1   | Reached skill level 1 in Stealth
  9252 | Lair:1   | Identified the +7 demon whip of Defence by Offence {flame, Int+5 Dex-3} (Okawaru gifted it to you on level 10 of the Dungeon)
  9315 | Lair:2   | Received a gift from Okawaru
  9318 | Lair:2   | Got a pair of steaming gloves {god gift}
  9329 | Lair:2   | Identified the +0 pair of gloves "Upeoreh" {rElec rC++ Str-5 Dex+2 Stlth+} (Okawaru gifted it to you on level 2 of the Lair of Beasts)
  9340 | Lair:2   | Found a dark tunnel.
  9348 | Volcano  | Entered a volcano
  9363 | Volcano  | Reached skill level 10 in Fighting
  9607 | Lair:2   | Found a frozen archway.
  9632 | IceCv    | Entered an ice cave
  9777 | IceCv    | Got an ichor-stained helmet
  9888 | IceCv    | Got a bloodstained flail
 10196 | IceCv    | Received a gift from Okawaru
 10220 | IceCv    | Got an ichor-stained chain mail {god gift}
 10231 | IceCv    | Identified the +1 chain mail "Vego Toku" {MR- rCorr Int-3 SInv} (Okawaru gifted it to you in an ice cave)
 10376 | IceCv    | Noticed a frost giant
 10403 | IceCv    | Killed a frost giant
 10415 | IceCv    | Got a crude lead amulet
 10544 | IceCv    | Identified the Guide on Ice
 11004 | Lair:2   | Reached XP level 13. HP: 101/114 MP: 13/13
 11022 | Lair:2   | Reached skill level 1 in Invocations
 12296 | Lair:1   | Identified the cursed +0 flail of the Extremely Mad {distort, Dex+3} (You found it in an ice cave)
 12385 | Lair:1   | Identified the amulet "Tabreni" {Regen+ Str+4} (You took it off a frost giant in an ice cave)
 12772 | D:8      | Bought a scroll of acquirement for 728 gold pieces
 12772 | D:8      | Bought 2 scrolls of enchant weapon for 210 gold pieces
 12937 | D:12     | Noticed Gastronok
 12950 | D:12     | Killed Gastronok
 12950 | D:12     | Reached skill level 15 in Long Blades
 13122 | D:12     | Found Kiuqikk's Magic Scroll Shop.
 13145 | D:12     | Bought a scroll of teleportation for 54 gold pieces
 13377 | D:12     | Received a gift from Okawaru
 13457 | D:12     | Found a staircase to the Orcish Mines.
 13918 | Orc:1    | Entered Level 1 of the Orcish Mines
 14087 | Orc:2    | Entered Level 2 of the Orcish Mines
 14120 | Orc:2    | Reached skill level 15 in Shields
 14431 | Orc:1    | Found Mempoa's Jewellery Emporium.
 14745 | Lair:4   | Found a hole to the Spider Nest.
 14998 | Lair:4   | Received a gift from Okawaru
 15321 | Lair:4   | Reached XP level 14. HP: 118/125 MP: 14/14
 15350 | Lair:4   | Found a staircase to the Shoals.
 15881 | Lair:5   | Received a gift from Okawaru
 17053 | Lair:6   | Entered Level 6 of the Lair of Beasts
 18247 | Lair:6   | Found a runed door.
 18247 | Lair:6   | Found a viscous altar of Jiyva.
 18247 | Lair:6   | Found a staircase to the Slime Pits.
 18475 | Lair:6   | Received a gift from Okawaru
 19550 | Orc:2    | Found a staircase to the Elven Halls.
 19554 | Orc:2    | Noticed Snorg
 19564 | Orc:2    | Killed Snorg
 19720 | Orc:2    | Found a roughly hewn altar of Beogh.
 19768 | Orc:2    | Reached XP level 15. HP: 114/136 MP: 15/15
 19841 | Orc:2    | Found Wimus's Food Shoppe.
 19844 | Orc:2    | Found Olisch's General Store.
 20082 | Orc:2    | Reached skill level 15 in Armour
 20111 | Orc:2    | Bought a scroll of identify for 32 gold pieces
 20258 | Orc:2    | Noticed Rupert
 20275 | Orc:2    | Killed Rupert
 20442 | Orc:2    | Found a bloodstained altar of Trog.
 20629 | Orc:2    | Gained mutation: Armour fits poorly on your strangely shaped body. [a neqoxec]
 20896 | Orc:2    | Received a gift from Okawaru
 20931 | Orc:2    | Gained mutation: [You are frail. (-10% HP)] [a neqoxec]
 21200 | Orc:2    | Found Zeq Navodomo's Gadget Boutique.
 21200 | Orc:2    | Found Ijiomyd's Antique Weapon Shop.
 21201 | Orc:2    | Found a one-way gate leading to the halls of Pandemonium.
 21677 | D:12     | Bought a scroll of acquirement for 936 gold pieces
 21677 | D:12     | Bought a scroll of identify for 36 gold pieces
 21823 | D:12     | Bought 2 scrolls of noise for 36 gold pieces
 22268 | D:13     | Found a basalt altar of Yredelemnul.
 22585 | D:13     | Found a roughly hewn altar of Beogh.
 22702 | D:13     | Received a gift from Okawaru
 23010 | D:14     | Noticed Urug
 23020 | D:14     | Killed Urug
 23117 | D:14     | Noticed Agnes
 23152 | D:14     | Killed Agnes
 23152 | D:14     | Reached skill level 5 in Dodging
 23340 | D:14     | Found a gate to the Vaults.
 23401 | D:14     | Reached XP level 16. HP: 110/132 MP: 16/16
 23408 | D:14     | Got a pair of spiked gloves
 23419 | D:14     | Identified the +1 pair of gloves of Autumn {rC+} (You found it on level 14 of the Dungeon)
 23975 | D:15     | Entered Level 15 of the Dungeon
 24024 | D:15     | Found a flickering gateway to a bazaar.
 24079 | Bazaar   | Entered a bazaar
 24079 | Bazaar   | Found Didoileaq's Weapon Boutique.
 24079 | Bazaar   | Found Safokimu's Antique Weapon Boutique.
 24079 | Bazaar   | Found Ephihin's Armour Shop.
 24079 | Bazaar   | Found Futtidd's General Store.
 24079 | Bazaar   | Found Quonuac's Weapon Boutique.
 24102 | Bazaar   | Bought a scroll of enchant armour for 75 gold pieces
 24136 | D:15     | Found a staircase to the Depths.
 24367 | D:15     | Found Gegitrik's Book Shop.
 24377 | D:15     | Found Atzoczoo's Assorted Antiques.
 24385 | D:15     | Found Winligy's Antique Armour Emporium.
 24448 | D:15     | Found Litiveco's Armour Shoppe.
 24626 | D:15     | Reached skill level 15 in Fighting
 24649 | D:15     | Received a gift from Okawaru
 25235 | D:15     | Found the +8 autumn katana {slice, Clar}
 25697 | Shoals:1 | Entered Level 1 of the Shoals
 26240 | Elf:1    | Entered Level 1 of the Elven Halls
 26604 | Elf:1    | Received a gift from Okawaru
 27084 | Elf:1    | Found Disimec's Armour Shoppe.
 27226 | Elf:1    | Reached XP level 17. HP: 124/142 MP: 17/17
 27837 | D:8      | Bought a scroll of enchant armour for 105 gold pieces
 27837 | D:8      | Bought a scroll of enchant armour for 105 gold pieces
 28480 | D:12     | Bought a scroll of teleportation for 54 gold pieces
 28480 | D:12     | Bought a scroll of enchant armour for 135 gold pieces
 29079 | Spider:1 | Entered Level 1 of the Spider Nest
 29079 | Spider:1 | Noticed Nikola
 29431 | Lair:4   | Killed Nikola
 29635 | Spider:1 | Noticed Louise
 29648 | Spider:1 | Killed Louise
 29745 | Spider:1 | Got a fine lead ring
 29782 | Spider:1 | Identified the ring of the Ladybird {Fire +Inv rPois Int+4} (You found it on level 1 of the Spider Nest)
 30048 | Spider:1 | Found a runed door.
 30319 | Spider:2 | Received a gift from Okawaru
 30345 | Spider:2 | Got a pair of fine gloves {god gift}
 30374 | Spider:2 | Identified the +1 pair of gloves of Wummiff {+Inv rPois MR-} (Okawaru gifted it to you on level 2 of the Spider Nest)
 30665 | Spider:2 | Identified the Reference Book on Evil Talismans
 30825 | Spider:2 | Noticed Roxanne
 30928 | Spider:2 | Noticed Kirke
 30953 | Spider:2 | Killed Kirke
 31285 | Spider:2 | Killed Roxanne
 31286 | Spider:2 | Identified Roxanne's Almanac of Transmutation (You took it off Roxanne on level 2 of the Spider Nest)
 31944 | Spider:3 | Received a gift from Okawaru
 32919 | Spider:4 | Entered Level 4 of the Spider Nest
 33066 | Spider:4 | Reached XP level 18. HP: 141/153 MP: 18/18
 33454 | Spider:4 | Received a gift from Okawaru
 33814 | Spider:4 | Received a gift from Okawaru
 34981 | Spider:4 | Received a gift from Okawaru
 34994 | Spider:4 | Got a gossamer rune of Zot
 35028 | Spider:4 | Got a warped long sword {god gift}
 35029 | Spider:4 | Identified the +3 long sword of the Goat {drain, rElec MR+ Str+3 Dex+4} (Okawaru gifted it to you on level 4 of the Spider Nest)
 36690 | Shoals:4 | Entered Level 4 of the Shoals
 37590 | Shoals:4 | Received a gift from Okawaru
 37851 | Shoals:4 | Identified the Disquisition on Poison and Hexes
 37878 | Shoals:4 | Reached XP level 19. HP: 141/161 MP: 19/19
 39147 | Shoals:4 | Got a barnacled rune of Zot
 39462 | Shoals:4 | Noticed Ilsuiw
 39485 | Shoals:4 | Killed Ilsuiw
 41456 | Elf:2    | Received a gift from Okawaru
 41481 | Elf:2    | Got a scorched war axe {god gift}
 41659 | Elf:2    | Found Ferezat's Assorted Antiques.
 42288 | Elf:2    | Found a huge runed gate.
 42288 | Elf:2    | Found a huge runed gate.
 42289 | Elf:2    | Found a huge runed gate.
 42290 | Elf:2    | Found a huge runed gate.
 42307 | Elf:2    | Found a huge runed gate.
 42982 | Elf:2    | Received a gift from Okawaru
 43291 | Elf:3    | Entered Level 3 of the Elven Halls
 43899 | Elf:3    | Found an ancient bone altar of Kikubaaqudgha.
 44095 | Elf:3    | Reached XP level 20. HP: 124/171 MP: 20/20
 44552 | Elf:3    | Identified the +4 war axe of the Dwarven Hall {antimagic, rN+ Str+2} (Okawaru gifted it to you on level 2 of the Elven Halls)
 44671 | Elf:3    | Received a gift from Okawaru
 45078 | Elf:3    | Got a pair of spiked gloves
 45089 | Elf:3    | Identified the +0 pair of gloves of the Present {*Slow Regen+ Str+4 Stlth+} (You found it on level 3 of the Elven Halls)
 45154 | Elf:3    | Got a steaming rapier {drain}
 45228 | Elf:3    | Got a slimy hand crossbow
 45233 | Elf:3    | Got a sapphire flail
 45238 | Elf:3    | Got a bloodstained whip
 45552 | Lair:1   | Identified the cursed +3 whip of Jidot {slash, rF+ rC+ MR+} (You found it on level 3 of the Elven Halls)
 45558 | Lair:1   | Identified the cursed +1 flail "Noletheu" {drain, rPois Str+4 Dex+2} (You found it on level 3 of the Elven Halls)
 45561 | Lair:1   | Identified the cursed +1 rapier "Udani" {drain, Int+3} (You took it off a deep elf demonologist on level 3 of the Elven Halls)
 45566 | Lair:1   | Identified the +5 hand crossbow of Plog {freeze, Int+2} (You found it on level 3 of the Elven Halls)
 45831 | Vaults:1 | Entered Level 1 of the Vaults
 47472 | Vaults:2 | Received a gift from Okawaru
 47605 | Vaults:2 | Found Benirei's Weapon Boutique.
 47884 | Vaults:2 | Found Bukusom's Assorted Antiques.
 47892 | Vaults:2 | Bought a white potion for 34 gold pieces
 48152 | Vaults:2 | Reached XP level 21. HP: 83/180 MP: 21/21
 48746 | Vaults:2 | Found a staircase to the Crypt.
 48746 | Vaults:2 | Found an ancient bone altar of Kikubaaqudgha.
 48747 | Vaults:2 | Found a basalt altar of Yredelemnul.
 49266 | Vaults:2 | Got a pitted cloak
 49277 | Vaults:2 | Identified the +0 cloak of Absolutism {Int+6} (You found it on level 2 of the Vaults)
 49406 | Vaults:2 | Received a gift from Okawaru
 50084 | Vaults:3 | Received a gift from Okawaru
 50439 | Vaults:3 | Got a pair of warped gloves
 50450 | Vaults:3 | Identified the +1 pair of gloves of Gluttony {rElec rPois rN+ Dex+3} (You found it on level 3 of the Vaults)
 52079 | Vaults:4 | Received a gift from Okawaru
 53110 | Vaults:4 | Reached XP level 22. HP: 185/191 MP: 22/22
 53333 | Vaults:5 | Entered Level 5 of the Vaults
 54028 | Vaults:4 | Received a gift from Okawaru
 54047 | Vaults:4 | Got a bloodstained scimitar {god gift}
 54052 | Vaults:4 | Identified the +5 scimitar "Xooll" {pain, rElec} (Okawaru gifted it to you on level 4 of the Vaults)
 54369 | Vaults:5 | Received a gift from Okawaru
 54372 | Vaults:5 | Got a bloodstained long sword {venom}
 54626 | Vaults:5 | Noticed an ancient lich
 54639 | Vaults:5 | Killed an ancient lich
 54759 | Vaults:5 | Identified the +9 long sword of Gloom {venom, rElec MP+9 Int+4} (You took it off a vault warden on level 5 of the Vaults)
 55569 | Vaults:5 | Reached skill level 27 in Shields
 55575 | Vaults:5 | Reached XP level 23. HP: 144/199 MP: 24/24
 55694 | Vaults:5 | Received a gift from Okawaru
 55761 | Vaults:5 | Got a transparent buckler
 55780 | Vaults:5 | Identified the Compendium of Arcane Weapons
 55832 | Vaults:5 | Identified the Volume of the Six Souls
 55889 | Vaults:5 | Identified the +0 buckler "Ilaix" {Int+6} (You found it on level 5 of the Vaults)
 56901 | Vaults:5 | Received a gift from Okawaru
 56949 | Vaults:4 | Got a heavily runed iron amulet
 57039 | Vaults:5 | Got a shimmering falchion {god gift}
 57042 | Vaults:5 | Identified the +0 falchion of the Spider {slice, Str+3} (Okawaru gifted it to you on level 5 of the Vaults)
 57143 | Vaults:5 | Noticed an ancient lich
 57156 | Vaults:5 | Killed an ancient lich
 57529 | Vaults:5 | Received a gift from Okawaru
 57566 | Vaults:5 | Got a silver rune of Zot
 58694 | Lair:1   | Identified the amulet "Yjausk Qucw" {+Rage rC++} (You took it off a deep elf archer on level 4 of the Vaults)
 58941 | Depths:1 | Entered Level 1 of the Depths
 59226 | Depths:1 | Found a one-way gate to the infinite horrors of the Abyss.
 59228 | Depths:1 | Found Haraw's Book Shoppe.
 59713 | Depths:1 | Found an iron altar of Okawaru.
 59772 | Depths:1 | Identified Sif Muna's Incunabulum of Icy Earth
 60016 | Depths:1 | Found a gateway to Hell.
 60481 | Depths:2 | Reached XP level 24. HP: 200/212 MP: 24/24
 60541 | Depths:2 | HP: 2/212 [white very ugly thing (40)]
 60978 | Depths:2 | Received a gift from Okawaru
 63442 | Depths:3 | Gained mutation: You are clumsy. (Dex -2) [a neqoxec]
 63444 | Depths:3 | Gained mutation: [Your magical capacity is low. (-10% MP)] [a neqoxec]
 63445 | Depths:3 | Gained mutation: You are very clumsy. (Dex -4) [a neqoxec]
 63505 | Depths:3 | Noticed a juggernaut
 63516 | Depths:3 | Killed a juggernaut
 63917 | Depths:4 | Received a gift from Okawaru
 63934 | Depths:4 | Noticed Jory
 63967 | Depths:4 | Killed Jory
 64010 | Depths:4 | Got an ebony long sword {speed}
 64011 | Depths:4 | Identified the +3 long sword "Cixzeofeir" {speed, rPois MR+++ Str-4 Int-2} (You took it off a tengu conjurer on level 4 of the Depths)
 64120 | Depths:4 | Noticed Xtahua
 64424 | Depths:4 | Killed Xtahua
 64442 | Depths:4 | Received a gift from Okawaru
 64455 | Depths:4 | Got an ichor-stained scimitar {god gift}
 64456 | Depths:4 | Lost intelligence.
 64456 | Depths:4 | Identified the +4 scimitar of the Enemy {antimagic, *Drain rElec rPois Int-5} (Okawaru gifted it to you on level 4 of the Depths)
 64568 | Depths:4 | Reached XP level 25. HP: 184/224 MP: 21/21
 64916 | Depths:4 | Noticed a juggernaut
 65096 | Depths:4 | Killed a juggernaut
 66019 | Depths:5 | Entered Level 5 of the Depths
 66023 | Depths:5 | Noticed a juggernaut
 66035 | Depths:5 | Received a gift from Okawaru
 66040 | Depths:5 | Killed a juggernaut
 66418 | Depths:5 | Found a gateway to a ziggurat.
 66790 | Depths:5 | Received a gift from Okawaru
 66808 | Depths:5 | Found a gate to the Realm of Zot.
 67915 | Crypt:1  | Entered Level 1 of the Crypt
 69825 | Crypt:3  | Entered Level 3 of the Crypt
 69987 | Crypt:3  | Found a staircase to the Tomb.
 70167 | Crypt:3  | Noticed Frederick
 70172 | Crypt:3  | Reached XP level 26. HP: 220/237 MP: 19/21
 70180 | Crypt:3  | Killed Frederick
 70240 | Crypt:3  | Noticed Jorgrun
 70246 | Crypt:3  | Killed Jorgrun
 70340 | Crypt:3  | Received a gift from Okawaru
 70348 | Crypt:3  | Got a translucent sapphire amulet
 70353 | Crypt:3  | Identified the amulet of Poleih {+Rage Int+5} (You found it on level 3 of the Crypt)
 70683 | Crypt:3  | Noticed Saint Roka
 70740 | Crypt:3  | Killed Saint Roka
 70963 | Crypt:3  | Noticed Sojobo
 70986 | Crypt:3  | Killed Sojobo
 70986 | Crypt:3  | Reached skill level 27 in Fighting
 71425 | Crypt:3  | Reached skill level 27 in Long Blades
 71460 | Crypt:3  | Noticed an ancient lich
 71473 | Crypt:3  | Killed an ancient lich
 71627 | Crypt:3  | Identified Sif Muna's Papyrus of the Voyage and the Arsonist
 72558 | Zot:1    | Entered Level 1 of the Realm of Zot
 72681 | Zot:1    | Received a gift from Okawaru
 73021 | Zot:1    | Received a gift from Okawaru
 73338 | Zot:1    | Noticed an orb of fire
 73361 | Zot:1    | Killed an orb of fire
 74654 | Zot:3    | Noticed an orb of fire
 74661 | Zot:2    | Gained mutation: [You tend to lose your temper in combat.] [an orb of fire]
 74662 | Zot:2    | Gained mutation: [You often lose your temper in combat.] [an orb of fire]
 74670 | Zot:2    | Gained mutation: [You have an uncontrollable temper.] [an orb of fire]
 74676 | Zot:2    | Killed an orb of fire
 74761 | Zot:3    | Reached XP level 27. HP: 204/245 MP: 18/22
 74927 | Zot:3    | Received a gift from Okawaru
 74928 | Zot:3    | Found the +2 pair of boots of the Assassin {Detection Stab+ Stlth++}
 75981 | Zot:3    | Found a stormy altar of Qazlal.
 76008 | Zot:3    | Identified the Tome of the Zealot
 76017 | Zot:3    | Identified the Almanac of Fire and Brimstone
 76979 | Slime:1  | Entered Level 1 of the Pits of Slime
 77474 | Slime:4  | Reached skill level 27 in Armour
 77537 | Slime:4  | Received a gift from Okawaru
 77625 | Slime:5  | Entered Level 5 of the Pits of Slime
 77675 | Slime:5  | Reached skill level 5 in Evocations
 77686 | Slime:5  | Noticed the Royal Jelly
 77706 | Slime:4  | Noticed Dissolution
 77713 | Slime:4  | Paralysed by a floating eye for 3 turns
 77720 | Slime:4  | Paralysed by a floating eye for 3 turns
 77728 | Slime:4  | Paralysed by a floating eye for 3 turns
 77732 | Slime:4  | Killed Dissolution
 77869 | Slime:5  | Gained mutation: [Your magical capacity is very low. (-20% MP)] [a shining eye]
 77881 | Slime:5  | Killed the Royal Jelly
 77881 | Slime:5  | Reached skill level 5 in Invocations
 78620 | Slime:5  | Found the +7 Spriggan's Knife {MR+ EV+4 Dex+4 Stlth+}
 78688 | Slime:5  | Got a brightly glowing scimitar
 78743 | Slime:5  | Got a slimy rune of Zot
 78747 | Slime:5  | Gained mutation: [Scrolls take you a little longer to read.] [a shining eye]
 78824 | Slime:5  | Identified the +12 scimitar "Omual" {slice, rN++ Str+6 Int-5} (You found it on level 5 of the Pits of Slime)
 79104 | Lair:1   | Lost mutation: [You are frail. (-10% HP)] [potion of mutation]
 79104 | Lair:1   | Lost mutation: [Scrolls take you a little longer to read.] [potion of mutation]
 79104 | Lair:1   | Lost mutation: Armour fits poorly on your strangely shaped body. [potion of mutation]
 79104 | Lair:1   | Lost mutation: You are very clumsy. (Dex -4) [potion of mutation]
 79104 | Lair:1   | Gained mutation: You are partially covered in thin metallic scales. (AC +2) [potion of mutation]
 79104 | Lair:1   | Gained mutation: You have a pair of large horns on your head. [potion of mutation]
 79105 | Lair:1   | Lost mutation: You are partially covered in thin metallic scales. (AC +2) [potion of mutation]
 79105 | Lair:1   | Lost mutation: [Your magical capacity is very low. (-20% MP)] [potion of mutation]
 79105 | Lair:1   | Lost mutation: [Your magical capacity is low. (-10% MP)] [potion of mutation]
 79105 | Lair:1   | Gained mutation: You are partially covered in molten scales. (AC +2) [potion of mutation]
 79106 | Lair:1   | Lost mutation: [You have an uncontrollable temper.] [potion of mutation]
 79106 | Lair:1   | Lost mutation: [You often lose your temper in combat.] [potion of mutation]
 79106 | Lair:1   | Lost mutation: [You tend to lose your temper in combat.] [potion of mutation]
 79106 | Lair:1   | Lost mutation: You are partially covered in molten scales. (AC +2) [potion of mutation]
 79106 | Lair:1   | Lost mutation: You are clumsy. (Dex -2) [potion of mutation]
 79107 | Lair:1   | Lost mutation: You have a pair of large horns on your head. [potion of mutation]
 79107 | Lair:1   | Gained mutation: You are agile. (Dex +2) [potion of mutation]
 79107 | Lair:1   | Gained mutation: You are resistant to electric shocks. (rElec) [potion of mutation]
 79107 | Lair:1   | Gained mutation: Your system is resistant to poisons. (rPois) [potion of mutation]
 79227 | Lair:1   | Got a heavily runed iron ring
 79228 | Lair:1   | Identified the ring "Feun" {Wiz rC+} (You acquired it on level 1 of the Lair of Beasts)
 80245 | Zot:4    | Received a gift from Okawaru
 80282 | Zot:4    | Reached skill level 10 in Evocations
 80705 | Zot:4    | Reached skill level 10 in Invocations
 81156 | Zot:4    | Received a gift from Okawaru
 81395 | Zot:5    | Entered Level 5 of the Realm of Zot
 81498 | Zot:5    | Noticed an orb of fire
 81519 | Zot:5    | Gained mutation: [You tend to lose your temper in combat.] [an orb of fire]
 81525 | Zot:5    | Killed an orb of fire
 81619 | Zot:5    | Noticed an ancient lich
 81629 | Zot:5    | Killed an ancient lich
 81637 | Zot:5    | Noticed an ancient lich
 81645 | Zot:5    | Killed an ancient lich
 81648 | Zot:5    | Noticed an orb of fire
 81663 | Zot:5    | Gained mutation: Your body sometimes deteriorates upon taking damage. [an orb of fire]
 81665 | Zot:5    | Gained mutation: You expend magic power (3 MP) to strengthen your wands. [an orb of fire]
 81667 | Zot:5    | Gained mutation: [Your magical capacity is low. (-10% MP)] [an orb of fire]
 81681 | Zot:5    | Killed an orb of fire
 81696 | Zot:5    | HP: 12/271 [Killer Klown (3)]
 81815 | Zot:5    | Noticed an ancient lich
 81842 | Zot:5    | Killed an ancient lich
 81910 | Zot:5    | Noticed an orb of fire
 81924 | Zot:5    | Killed an orb of fire
 81924 | Zot:5    | Received a gift from Okawaru
 82070 | Zot:5    | Noticed an ancient lich
 82076 | Zot:5    | Noticed an ancient lich
 82094 | Zot:5    | Killed an ancient lich
 82104 | Zot:5    | Killed an ancient lich
 82570 | Zot:5    | Noticed an orb of fire
 82583 | Zot:5    | Lost mutation: You are agile. (Dex +2) [an orb of fire]
 82589 | Zot:5    | Killed an orb of fire
 82670 | Zot:5    | Received a gift from Okawaru
 82673 | Zot:5    | Got a steaming falchion {god gift}
 82674 | Zot:5    | Identified the +2 falchion of Ebyvut {slice, MR++} (Okawaru gifted it to you on level 5 of the Realm of Zot)
 82692 | Zot:5    | Noticed an orb of fire
 82695 | Zot:5    | Gained mutation: [Scrolls take you a little longer to read.] [an orb of fire]
 82696 | Zot:5    | Gained mutation: You are dopey. (Int -2) [an orb of fire]
 82697 | Zot:5    | Killed an orb of fire
 82705 | Zot:5    | Reached skill level 15 in Invocations
 82949 | Zot:5    | Reached skill level 15 in Evocations
 83408 | Hell     | Entered the Vestibule of Hell
 83408 | Hell     | Noticed Geryon
 83579 | Hell     | Found a gateway to the decaying netherworld of Tartarus.
 83597 | Hell     | Received a gift from Okawaru
 83882 | Hell     | Found a gateway to the ashen valley of Gehenna.
 84012 | Hell     | Found a gateway to the Iron City of Dis.
 84144 | Hell     | Killed Geryon
 84369 | Hell     | Found a gateway to the freezing wastes of Cocytus.
 84586 | Depths:3 | Upgraded the game from 0.21.1-35-gfefc1aa2bb to 0.21.1-68-g103a7afc0a
 84677 | Depths:4 | Voluntarily entered the Abyss.
 84805 | Abyss:1  | Lost intelligence.
 85006 | Abyss:1  | Paralysed by accursed screaming for 2 turns
 85013 | Abyss:1  | Paralysed by accursed screaming for 1 turns
 85116 | Abyss:1  | Received a gift from Okawaru
 85126 | Abyss:1  | Paralysed by accursed screaming for 2 turns
 85130 | Abyss:1  | Paralysed by accursed screaming for 1 turns
 85134 | Depths:4 | Escaped the Abyss
 85492 | Lair:1   | Got a pair of twisted boots
 85503 | Lair:1   | Identified the +0 pair of boots of Tehu Gojui {+Inv rElec rPois rCorr} (You acquired it on level 1 of the Lair of Beasts)
 85547 | Lair:1   | Lost mutation: Your body sometimes deteriorates upon taking damage. [potion of mutation]
 85547 | Lair:1   | Lost mutation: You are dopey. (Int -2) [potion of mutation]
 85547 | Lair:1   | Lost mutation: Your system is resistant to poisons. (rPois) [potion of mutation]
 85547 | Lair:1   | Lost mutation: [Your magical capacity is low. (-10% MP)] [potion of mutation]
 85547 | Lair:1   | Gained mutation: You passively map a small area around you. [potion of mutation]
 85547 | Lair:1   | Gained mutation: Your spells are a little easier to cast, but a little less powerful. [potion of mutation]
 85547 | Lair:1   | Gained mutation: You have large cloven feet. [potion of mutation]
 85549 | Lair:1   | Lost mutation: You passively map a small area around you. [potion of mutation]
 85549 | Lair:1   | Lost mutation: [Scrolls take you a little longer to read.] [potion of mutation]
 85549 | Lair:1   | Lost mutation: You expend magic power (3 MP) to strengthen your wands. [potion of mutation]
 85549 | Lair:1   | Lost mutation: Your spells are a little easier to cast, but a little less powerful. [potion of mutation]
 85549 | Lair:1   | Gained mutation: You are covered in fur. (AC +1) [potion of mutation]
 85549 | Lair:1   | Gained mutation: You are robust. (+10% HP) [potion of mutation]
 85878 | Depths:1 | Voluntarily entered the Abyss.
 85879 | Abyss:1  | Found a corrupted altar of Lugonu.
 85964 | Abyss:1  | Found a corrupted altar of Lugonu.
 86005 | Abyss:1  | Found a corrupted altar of Lugonu.
 86087 | Abyss:1  | Found a corrupted altar of Lugonu.
 86188 | Abyss:1  | Gained mutation: You occasionally shout uncontrollably at your foes. [a neqoxec]
 86198 | Abyss:1  | Lost mutation: You occasionally shout uncontrollably at your foes. [a neqoxec]
 86212 | Abyss:1  | Found an ancient bone altar of Kikubaaqudgha.
 86795 | Abyss:2  | Lost intelligence.
 86802 | Abyss:3  | Found a corrupted altar of Lugonu.
 86807 | Abyss:3  | Paralysed by accursed screaming for 1 turns
 86812 | Abyss:3  | Paralysed by accursed screaming for 2 turns
 86819 | Abyss:3  | Paralysed by accursed screaming for 2 turns
 86827 | Abyss:3  | Paralysed by accursed screaming for 2 turns
 86827 | Abyss:3  | HP: 8/245 [large abomination (9)]
 86827 | Abyss:3  | HP: 1/245 [tentacled starspawn (7)]
 86828 | Abyss:3  | Slain by a starcursed mass

Skill      XL: |  1  2  3  4  5  6  7  8  9 10 11 12 13 14 15 16 17 18 19 20 21 22 23 24 25 26 27 |
---------------+----------------------------------------------------------------------------------+-----
Armour         | 4 5 6 7 8 9 10 12 13 14 15 16 17 18 19 20 21 22 25 27 | 27.0
Shields        | 4 5 6 7 8 10 11 13 15 17 18 19 20 21 23 24 25 27 | 27.0
Fighting       | 4 5 6 7 8 9 10 11 13 14 16 17 18 19 20 21 23 25 26 27 | 27.0
Long Blades    | 3 4 6 7 9 11 12 13 14 15 16 17 18 19 20 21 22 23 25 26 27 | 27.0
Dodging        | 1 2 3 4 5 6 7 |  7.5
Evocations     | 1 2 16 | 16.4
Stealth        | 1 2 3 4 |  4.4
Invocations    | 1 2 3 17 | 17.3

Action                   |  1- 3 |  4- 6 |  7- 9 | 10-12 | 13-15 | 16-18 | 19-21 | 22-24 | 25-27 || total
-------------------------+-------+-------+-------+-------+-------+-------+-------+-------+-------++-------
Melee: Long sword        |    88 |   152 |   313 |   155 |       |       |       |       |       ||   708
       Headbutt          |    11 |    24 |    76 |   182 |   429 |   464 |   595 |   648 |  1371 ||  3800
       Scimitar          |       |       |       |   620 |  1527 |   188 |       |       |       ||  2335
       Katana            |       |       |       |       |       |  1346 |  1678 |  1658 |  3328 ||  8010
Invok: Heroism           |       |       |     1 |     4 |     8 |     7 |     1 |     7 |     8 ||    36
       Finesse           |       |       |       |       |       |       |       |       |     1 ||     1
Evoke: Wand              |       |       |     5 |    10 |    19 |    10 |     5 |     2 |    10 ||    61
  Use: Potion            |       |     1 |     1 |     4 |     6 |     2 |       |     3 |    13 ||    30
       Scroll            |       |       |    11 |     2 |    19 |    10 |    15 |    25 |    22 ||   104
 Stab: Distracted        |       |       |       |       |       |       |       |     1 |       ||     1
       Invisible         |       |       |       |       |       |       |       |       |     3 ||     3
  Eat: Chunk             |       |     4 |     6 |    20 |    34 |    35 |    45 |    28 |    49 ||   221
       Ration            |       |       |     1 |       |     2 |     4 |     1 |     3 |    13 ||    24
Armor: Scale mail        |    67 |    24 |       |       |       |       |       |       |       ||    91
       Chain mail        |       |    50 |   145 |   160 |       |       |       |       |       ||   355
       Plate armour      |       |       |       |   189 |   536 |   599 |   342 |   171 |       ||  1837
       Crystal plate arm |       |       |       |       |       |       |       |   216 |       ||   216
       Gold dragon scale |       |       |       |       |       |       |       |   138 |  1378 ||  1516
Dodge: Dodged            |    32 |    33 |    77 |   221 |   365 |   463 |   314 |   398 |   904 ||  2807
Block: Shield            |    59 |    73 |   160 |   569 |  1110 |  1328 |   377 |       |       ||  3676
       Large shield      |       |       |       |       |       |       |  1222 |  2038 |  4024 ||  7284
       Rpst.: Long sword |     6 |    10 |    30 |    11 |       |       |       |       |       ||    57
       Scimitar          |       |       |       |    54 |    81 |     9 |       |       |       ||   144
       Katana            |       |       |       |       |       |    68 |    45 |    51 |   132 ||   296
